 Dungeon Crawl Stone Soup version 0.25-a0-589-g1e14c549ee (webtiles) character file.

Game seed: 17820524211534857720, levelgen mode: deterministic

24 Anathary the Twirler (level 2, -1/19 HPs)
             Began as a Demonspawn Gladiator on Mar 12, 2020.
             Was an Initiate of Hepliaklqana.
             Slain by a rat (3 damage)
             ... on level 2 of the Dungeon.
             The game lasted 00:04:39 (1443 turns).

Anathary the Twirler (Demonspawn Gladiator)         Turns: 1443, Time: 00:04:39

Health: -1/19      AC:  4    Str: 14    XL:     2   Next: 79%
Magic:  2/2        EV: 13    Int:  9    God:    Hepliaklqana [......]
Gold:   26         SH:  0    Dex: 16    Spells: 1/1 levels left

rFire    . . .     SeeInvis .   a - +0 quarterstaff
rCold    . . .     Gourm    .   (shield currently unavailable)
rNeg     . . .     Faith    .   b - +0 leather armour
rPois    .         Spirit   .   c - +0 helmet
rElec    .         Reflect  .   (no cloak)
rCorr    .         Harm     .   (no gloves)
MR       .....                  (no boots)
Stlth    ++........             (no amulet)
HPRegen  0.06/turn              (no ring)
MPRegen  0.08/turn              (no ring)

@: no status effects
A: reduced essence, thin skeletal structure 1
a: Recall Ancestor, Ancestor Identity, Renounce Religion


You were on level 2 of the Dungeon.
You worshipped Hepliaklqana.
Hepliaklqana was noncommittal.
You were not hungry.

You visited 1 branch of the dungeon, and saw 2 of its levels.

You collected 26 gold pieces.

Inventory:

Hand Weapons
 a - a +0 quarterstaff (weapon)
Missiles
 d - 3 throwing nets (quivered)
Armour
 b - a +0 leather armour (worn)
 c - a +0 helmet (worn)
Wands
 h - a wand of random effects (27)
Scrolls
 g - 4 scrolls of identify {unknown}
Potions
 e - a potion of flight {unknown}
Comestibles
 f - a ration


   Skills:
 - Level 2.0 Fighting
 + Level 3.7 Staves
 - Level 1.7 Throwing
 - Level 2.7 Dodging


You had one spell level left.
You didn't know any spells.
Your spell library was empty.

Dungeon Overview and Level Annotations

Branches:
Dungeon (2/15)

Altars:
Hepliaklqana
Trog
Xom


Innate Abilities, Weirdness & Mutations

You have a somewhat thin skeletal structure. (Dex +2, Stealth)
Your life essence is reduced to manifest your ancestor. (-10% HP)


Message History

You hit the worm.
The worm is lightly wounded.
The rat completely misses you. The worm barely misses you.
You hit the worm but do no damage.
The worm is lightly wounded.
The rat bites you. The worm closely misses you.
You hit the worm but do no damage.
The rat barely misses Ealdgyð.
The worm closely misses you. The rat barely misses you. x2
You sock the worm!
The worm is moderately wounded.
The rat bites Ealdgyð.
The rat closely misses you. The worm bites you!
Ouch! That really hurt!
* * * LOW HITPOINT WARNING * * *
The rat barely misses you. The rat misses you.
The rat closely misses Ealdgyð.
You barely miss the worm.
The worm is moderately wounded.
The rat misses you. The worm barely misses you. The rat bites you.
* * * LOW HITPOINT WARNING * * *
The rat bites you.
You die...

#..≈⌠...# #.#
#..≈≈...# #.#
##.....####.#
###.###....# #.#
#.#### #.# #.## ######
#.# #..#####....##
#.###.#R##..rr...##
#.##.####)..r@....#
#...## #)..w#R...#
####.###....###r..####
##.##)._.#y#......#
##.#....###...##.#
#.##)...#....##.#
#>##.........#..#
#.###.......##.## #.#
###....###.#


You could see the friendly Ealdgyð the ancestor, a moth of wrath, a worm
(berserk) and 4 rats.

Vanquished Creatures
  A worm (D:1)
  2 bats
  2 giant cockroaches (D:1)
  2 goblins (D:1)
  A hobgoblin (D:1)
  2 ball pythons (D:1)
  2 frilled lizards (D:1)
  3 kobolds
  2 rats (D:1)
  A butterfly (D:2)
18 creatures vanquished.

Vanquished Creatures (collateral kills)
  A worm (D:2)
1 creature vanquished.

Grand Total: 19 creatures vanquished

Notes
Turn   | Place    | Note
-------+----------+-------------------------------------------
     0 | D:1      | Anathary the Demonspawn Gladiator began the quest for the
                  | Orb.
     0 | D:1      | Reached XP level 1. HP: 16/16 MP: 1/1
   165 | D:1      | Reached skill level 3 in Staves
   518 | D:1      | Gained mutation: You have a somewhat thin skeletal
                  | structure. (Dex +2, Stealth) [demonic ancestry]
   518 | D:1      | Reached XP level 2. HP: 22/22 MP: 2/2
  1245 | D:2      | Found a shimmering altar of Xom.
  1278 | D:2      | Found a hazy altar of Hepliaklqana.
  1294 | D:2      | Became a worshipper of Hepliaklqana the Forgotten
  1430 | D:2      | Noticed a moth of wrath
  1433 | D:2      | Found a bloodstained altar of Trog.
  1443 | D:2      | Slain by a rat

Levels and vault maps discovered:
D:1:      dpeg_arrival_brainrot, layout_loops_corners
D:2:      layout_loops_ring, lemuel_doored_altar, tgw_trog, xom_butterflies,
          corexii_leaking_fountain, minmay_misc_feat_more_columns

Skill      XL: |  1 |
---------------+----+-----
Staves         | 3 |  3.7
Fighting       | |  2.0
Throwing       | |  1.7
Dodging        | |  2.7

Action                   || total
-------------------------++-------
Melee: Quarterstaff      ||    46
 Stab: Sleeping          ||     1
  Eat: Ration            ||     1
Armor: Leather armour    ||     6
Dodge: Dodged            ||    36

Table legend:
 A = Non-vault XP
 B = Vault XP
 C = Vault XP percentage of total XP
 D = Non-vault monster count
 E = Vault monster count
 F = Vault count percentage of total count
                 A         B        C        D         E       F
            +---------+---------+-------+---------+---------+-------
      Total |      30 |       5 |  14.3 |      17 |       1 |   5.6
            +---------+---------+-------+---------+---------+-------
        D:1 |      21 |       5 |  19.2 |      14 |       1 |   6.7
        D:2 |       9 |       0 |   0.0 |       3 |       0 |   0.0
            +---------+---------+-------+---------+---------+-------
